 Dungeon Crawl Stone Soup version 0.19.5 (webtiles) character file.

2788 varam the Grappler (level 9, -1/91 (92) HPs)
             Began as a Troll Monk on Mar 9, 2017.
             Was a Priest of Cheibriados.
             Slain by a crocodile (17 damage)
             ... on level 7 of the Dungeon on Mar 11, 2017.
             The game lasted 00:14:43 (4640 turns).

varam the Grappler (Troll Monk)                     Turns: 4640, Time: 00:14:45

HP:   -1/91 (92)    AC:  6    Str: 28    XL:     9   Next: 43%
MP:   16/17         EV: 15    Int: 13    God:    Cheibriados [***...]
Gold: 258           SH:  0    Dex: 22    Spells: 0 memorised, 8 levels left

rFire  . . .     SeeInvis .       - Unarmed
rCold  + . .     Gourm    +     a - +0 robe
rNeg   . . .     Faith    .     (no shield)
rPois  .         Spirit   .     (helmet restricted)
rElec  .         Reflect  .     E - +0 cloak
rCorr  .         Harm     .     (gloves unavailable)
MR     .....                    (boots unavailable)
Stlth  ++........               w - amulet of rage
                                t - ring of magical power
                                r - ring of protection from cold

@: non-regenerating, mildly diseased, very slow
A: unfitting armour, claws 3, fast metabolism 3, gourmand, regeneration 1,
shaggy fur 1, tough skin 2
a: Bend Time, Temporal Distortion, Renounce Religion, Evoke Berserk Rage


You were on level 7 of the Dungeon.
You worshipped Cheibriados.
Cheibriados was most pleased with you.
You were very full.

You visited 2 branches of the dungeon, and saw 9 of its levels.

You collected 258 gold pieces.

Inventory:

Missiles
 z - 89 stones (quivered)
Armour
 a - a +0 robe (worn)
 E - a +0 cloak (worn)
Jewellery
 r - a ring of protection from cold (left claw)
 t - a ring of magical power (right claw)
 w - an amulet of rage (around neck)
Wands
 k - a wand of slowing (29/48)
 y - a wand of slowing (26/48)
 F - a wand of random effects (28/48)
Scrolls
 c - 2 scrolls of magic mapping
 e - 2 scrolls of enchant weapon
 f - a scroll of blinking
 g - a scroll of random uselessness {unknown}
 i - 3 scrolls of teleportation
 p - 2 scrolls of enchant armour {unknown}
 q - a scroll of immolation {unknown}
 s - 2 scrolls of remove curse
 u - a scroll of recharging {unknown}
 A - 2 scrolls of identify
 C - a scroll of noise {unknown}
Potions
 h - 2 potions of ambrosia {unknown}
 j - a potion of heal wounds {unknown}
 l - 5 potions of curing {unknown}
 m - a potion of cancellation {unknown}
 n - 2 potions of brilliance {unknown}
 o - a potion of mutation {unknown}
 v - a potion of haste {unknown}
 B - a potion of lignification {unknown}
 G - a potion of flight {unknown}
Comestibles
 b - 6 bread rations
 d - a meat ration
 x - 2 royal jellies
 D - a beef jerky
 H - 7 chunks of flesh


   Skills:
 + Level 6.5 Fighting
 + Level 6.6 Dodging
 - Level 1.7 Stealth
 - Level 8.2 Unarmed Combat


You had 8 spell levels left.
You didn't know any spells.

Dungeon Overview and Level Annotations

Branches:
Dungeon (8/15)             Temple (1/1) D:4
   Lair: D:8-11

Altars:
Ashenzari
Cheibriados
Dithmenos
Elyvilon
Fedhas
Gozag
Hepliaklqana
Kikubaaqudgha
Makhleb
Nemelex Xobeh
Okawaru
Ru
Sif Muna
Trog
Uskayaw
Vehumet
Xom
Yredelemnul
Zin
The Shining One


Innate Abilities, Weirdness & Mutations

You are too large for most types of armour.
You have claws for hands.
Your metabolism is lightning-fast.
You like to eat raw meat.
Your natural rate of healing is unusually fast.
You are covered in fur. (AC +1)
You have very tough skin. (AC +2)


Message History

The hippogriff is moderately wounded.
The hippogriff bites you! The hippogriff completely misses you.
The hippogriff barely misses you.
The crocodile bites you but does no damage.
You scratch the hippogriff.
The hippogriff is moderately wounded.
The hippogriff bites you. The hippogriff closely misses you.
The hippogriff claws you.
You scratch the hippogriff.
The hippogriff is moderately wounded.
The crocodile bites you! The hippogriff bites you.
* * * LOW HITPOINT WARNING * * *
The hippogriff pecks you.
* * * LOW HITPOINT WARNING * * *
The hippogriff claws you.
* * * LOW HITPOINT WARNING * * *
You scratch the hippogriff.
The hippogriff is moderately wounded.
The crocodile bites you!
You die...

..#....##...# ............#
.......(....######
.......%(....#...#
####...##'####'####..........
#...##..###...##..........
#.......W5....# ..........
#.......#Ht...# .........
+.......#@(...# ......
#..#######(########...# #..
#...##.##.##.##...# ..
....§.......)[.....#
§...§......))......##+#
§§.§...................
§§§§..................
§§....##....##...##..
.§......#######...##..


You could see a hippogriff, a phantom, a crocodile and a shadow imp.

Vanquished Creatures
  The ghost of MirrMurr the Carver, a novice DsBe of Trog (D:8)
  The ghost of equalderp2856 the Gouger, a novice FeFi (D:6)
  A hungry ghost (D:8)
  A water moccasin (D:8)
  A hornet zombie (D:7)
  2 ice beasts
  3 black bears
  2 necrophages (D:7)
  A centaur (D:7)
  Blork the orc (D:4)
  A scorpion (D:4)
  4 wights
  A howler monkey (D:4)
  A jelly (D:6)
  2 orc priests (D:4)
  Jessica (D:2)
  2 centaur skeletons
  Terence (D:3)
  3 orc wizards
  3 worker ants (D:4)
  A hound skeleton (D:5)
  A howler monkey zombie (D:5)
  Robin (D:4)
  4 adders
  9 gnolls
  2 oozes
  2 adder skeletons
  An adder zombie (D:5)
  2 worms (D:2)
  A dart slug (D:2)
  6 leopard geckos
  14 orcs
  2 ball pythons
  5 giant cockroaches
  17 goblins
  11 hobgoblins
  7 jackals
  2 quokkas
  10 bats
  9 frilled lizards
  6 kobolds
  A leopard gecko skeleton (D:4)
  2 quokka skeletons
  6 rats
155 creatures vanquished.

Vanquished Creatures (others)
  3 orcs (D:4)
3 creatures vanquished.

Grand Total: 158 creatures vanquished

Notes
Turn   | Place    | Note
-------+----------+-------------------------------------------
     0 | D:1      | varam the Troll Monk began the quest for the Orb.
     0 | D:1      | Reached XP level 1. HP: 22/22 MP: 0/0
   241 | D:1      | Reached XP level 2. HP: 27/29 MP: 1/1
   771 | D:2      | Reached XP level 3. HP: 36/36 MP: 2/2
  1051 | D:2      | Noticed Jessica
  1055 | D:2      | Killed Jessica
  1055 | D:2      | Reached XP level 4. HP: 44/44 MP: 3/3
  1175 | D:2      | Reached skill level 3 in Fighting
  1268 | D:2      | Found a shattered altar of Ashenzari.
  1387 | D:2      | Found a burning altar of Makhleb.
  1595 | D:3      | Reached skill level 4 in Unarmed Combat
  1674 | D:3      | Found a sacrificial altar of Ru.
  1840 | D:3      | Reached XP level 5. HP: 53/53 MP: 4/4
  2068 | D:3      | Noticed Terence
  2074 | D:3      | Killed Terence
  2074 | D:3      | Reached skill level 5 in Unarmed Combat
  2076 | D:3      | Found a bloodstained altar of Trog.
  2076 | D:3      | Found a radiant altar of Vehumet.
  2194 | D:4      | Reached XP level 6. HP: 61/61 MP: 5/5
  2250 | D:4      | Noticed Robin
  2258 | D:4      | Reached skill level 6 in Unarmed Combat
  2268 | D:4      | Killed Robin
  2355 | D:4      | Found a deep blue altar of Sif Muna.
  2625 | D:4      | Found a shadowy altar of Dithmenos.
  2646 | D:4      | Found a hide-covered altar of Uskayaw.
  2698 | D:4      | Noticed Blork the orc
  2701 | D:4      | Killed Blork the orc
  2701 | D:4      | Reached skill level 7 in Unarmed Combat
  2701 | D:4      | Reached XP level 7. HP: 67/67 MP: 6/6
  2764 | D:4      | Found a staircase to the Ecumenical Temple.
  2773 | Temple   | Entered the Ecumenical Temple
  2893 | Temple   | Became a worshipper of Cheibriados the Contemplative
  2893 | Temple   | Reached * piety under Cheibriados
  2893 | Temple   | Reached ** piety under Cheibriados
  2951 | D:5      | Entered Level 5 of the Dungeon
  3109 | D:5      | Found a shimmering altar of Xom.
  3210 | D:5      | Reached skill level 8 in Unarmed Combat
  3223 | D:5      | Got a smoking flail
  3224 | D:5      | Identified the cursed +3 flail "Rausoygh" {drain, *Slow +Inv Dex+4} (You found it on level 5 of the Dungeon)
  3261 | D:5      | Got a pair of faintly glowing boots
  3401 | D:5      | Reached skill level 3 in Dodging
  3797 | D:4      | Found a basalt altar of Yredelemnul.
  3832 | D:4      | Found a white marble altar of Elyvilon.
  3908 | D:6      | Found a blossoming altar of Fedhas.
  4002 | D:6      | Found a snail-covered altar of Cheibriados.
  4138 | D:6      | Reached XP level 8. HP: 75/75 MP: 7/7
  4155 | D:6      | Noticed equalderp2856's ghost (novice FeFi)
  4163 | D:6      | Killed equalderp2856's ghost
  4163 | D:6      | Reached skill level 4 in Fighting
  4163 | D:6      | Reached skill level 4 in Dodging
  4394 | D:6      | You fall through a shaft for 2 floors!
  4410 | D:8      | Noticed MirrMurr's ghost (novice DsBe)
  4426 | D:8      | Killed MirrMurr's ghost
  4426 | D:8      | Reached skill level 5 in Fighting
  4426 | D:8      | Reached skill level 5 in Dodging
  4426 | D:8      | Reached XP level 9. HP: 57/89 MP: 8/8
  4526 | D:8      | Reached *** piety under Cheibriados
  4526 | D:8      | Reached skill level 6 in Fighting
  4526 | D:8      | Reached skill level 6 in Dodging
  4640 | D:7      | Slain by a crocodile

Skill      XL: |  1  2  3  4  5  6  7  8  9 |
---------------+----------------------------+-----
Fighting       | 3 5 6 |  6.5
Unarmed Combat | 4 5 7 8 |  8.2
Dodging        | 3 5 6 |  6.6
Stealth        | |  1.7

Action                   |  1- 3 |  4- 6 |  7- 9 || total
-------------------------+-------+-------+-------++-------
Melee: Unarmed           |    94 |   170 |   141 ||   405
       Punch             |     1 |     6 |     7 ||    14
       Dagger            |       |       |     9 ||     9
Throw: Throwing net      |       |       |     2 ||     2
Invok: Bend Time         |       |       |     3 ||     3
  Use: Scroll            |       |       |     7 ||     7
 Stab: Sleeping          |     6 |     4 |     5 ||    15
  Eat: Chunk             |    15 |    15 |    12 ||    42
Armor: Robe              |    33 |    54 |    33 ||   120
Dodge: Dodged            |    46 |   105 |   101 ||   252
